 Dungeon Crawl Stone Soup version 0.18.1-48-g4cf74bf (webtiles) character file.

7077 Alarkh the Archer (level 10, -17/67 HPs)
             Began as a Mummy Hunter on Aug 13, 2016.
             Was a High Priest of Okawaru.
             Engulfed by a cloud of flame (25 damage)
             ... on level 10 of the Dungeon.
             The game lasted 00:20:34 (10795 turns).

Alarkh the Archer (Mummy Hunter)                   Turns: 10795, Time: 00:20:34

Health: -17/67     AC:  6    Str: 15    XL:     10   Next: 84%
Magic:  10/10      EV: 14    Int: 14    God:    Okawaru [*****.]
Gold:   677        SH:  0    Dex: 13    Spells: 1 memorised, 4 levels left

rFire  x . .     SeeInvis +     a - +1 shortbow
rCold  + . .     Gourm    .     O - troll hide
rNeg   + + +     Faith    .     (shield currently unavailable)
rPois  ∞         Spirit   .     x - +0 helmet
rElec  .         Dismiss  .     G - +1 cloak {MR+}
rCorr  .         Reflect  .     w - +0 pair of gloves
SustAt .         Harm     .     (no boots)
MR     ++...                    (no amulet)
Stlth  +.........               A - ring of see invisible
                                h - +2 ring of evasion

@: very slightly contaminated, drained, very resistant to hostile enchantments,
very unstealthy
A: no food or potions, fire vulnerability, cold resistance 1, negative energy
resistance 3, torment resistance, unbreathing
a: Heroism, Finesse, Renounce Religion


You were on level 10 of the Dungeon.
You worshipped Okawaru.
Okawaru was extremely pleased with you.
You were not hungry.

You visited 2 branches of the dungeon, and saw 12 of its levels.

You collected 677 gold pieces.

Inventory:

Hand Weapons
 a - a +1 shortbow (weapon)
 b - a +2 dagger of draining
 l - a +0 short sword
 s - a +4 quarterstaff of chaos
 Q - the +2 quarterstaff of Mourning {drain, *Drain *Confuse Dex+10 SInv}
   (You found it on level 10 of the Dungeon)

   A truly terrible weapon, it drains the life of those it strikes.
   It affects your dexterity (+10).
   It lets you see invisible.
   It causes draining when unequipped.
   It may confuse you when you take damage.
Missiles
 d - 126 arrows (quivered)
 n - 2 throwing nets
Armour
 c - a +0 leather armour
 o - a +2 cloak
 w - a +0 pair of gloves (worn)
 x - a +0 helmet (worn)
 F - a steam dragon hide
 G - a +1 cloak of magic resistance (worn)
 M - a +0 robe of magic resistance
 N - a +0 ring mail of cold resistance
 O - a troll hide (worn)
Jewellery
 g - a +4 ring of strength
 h - a +2 ring of evasion (left hand)
 k - an uncursed ring of flight
 r - an uncursed amulet of dismissal
 A - a ring of see invisible (right hand)
 C - an uncursed amulet of rage
Wands
 q - a wand of random effects (24/48)
 t - a wand of disintegration (9/24)
 y - a wand of paralysis (12/24)
 E - a wand of flame (20/48)
 H - a wand of iceblast (8/15)
 I - a wand of polymorph (13/24)
 L - a wand of disintegration (17/24)
Scrolls
 e - a scroll of identify
 f - 4 scrolls of remove curse
 j - 4 scrolls of noise
 m - a scroll of random uselessness
 p - 2 scrolls of immolation
 u - a scroll of magic mapping
 z - a scroll of enchant weapon
 K - a scroll of acquirement
 P - a scroll of holy word
 R - a scroll of amnesia {unknown}
Books
 i - a book of Death

   Spells                             Type                      Level
   a - Corpse Rot                     Necromancy                   2
   b - Sublimation of Blood           Necromancy                   2
   c - Agony                          Necromancy                   5
   d - Dispel Undead                  Necromancy                   5
   e - Excruciating Wounds            Charms/Necromancy            5
   f - Bolt of Draining               Conjuration/Necromancy       5
 B - a book of Envenomations

   Spells                             Type                      Level
   a - Spider Form                    Transmutation/Poison         3
   b - Olgreb's Toxic Radiance        Poison                       4
   c - Alistair's Intoxication        Transmutation/Poison         5
   d - Poisonous Cloud                Conjuration/Poison/Air       6
 D - a book of Summonings

   Spells                             Type                      Level
   a - Recall                         Summoning/Translocation      3
   b - Aura of Abjuration             Summoning                    5
   c - Summon Demon                   Summoning                    5
   d - Summon Forest                  Summoning/Translocation      5
   e - Summon Mana Viper              Hexes/Summoning              5
   f - Shadow Creatures               Summoning                    6
 J - a Necronomicon

   Spells                             Type                      Level
   a - Haunt                          Necromancy/Summoning         7
   b - Borgnjor's Revivification      Necromancy                   8
   c - Death's Door                   Charms/Necromancy            8
   d - Necromutation                  Transmutation/Necromancy     8


   Skills:
 - Level 2.1(1.9) Fighting
 + Level 13.7(13.4) Bows
 - Level 1.0(0.7) Armour
 - Level 1.9(1.7) Dodging
 - Level 0.8(0.6) Stealth


You had 4 spell levels left.
You knew the following spells:

 Your Spells              Type           Power        Failure   Level  Hunger
r - Aura of Abjuration    Summ           #.........   100%        5    N/A

Dungeon Overview and Level Annotations

Branches:
Dungeon (11/15)            Temple (1/1) D:7            Lair (0/8) D:9
    Orc (0/2) D:11

Altars:
Ashenzari
Cheibriados
Dithmenos
Elyvilon
Fedhas
Gozag
Kikubaaqudgha
Makhleb
Nemelex Xobeh
Okawaru
Pakellas
Qazlal
Ru
Sif Muna
Trog
Vehumet
Xom
Yredelemnul
Zin
The Shining One
Lugonu

Shops:
D:8 (

Annotations:
D:10 exclusion: door, OTRawrior's ghost, journeyman GrEE


Innate Abilities, Weirdness & Mutations

You do not eat or drink.
Your flesh is vulnerable to fire.
You are immune to poison.
Your flesh is cold resistant.
You are immune to negative energy.
You are immune to unholy pain and torment.
You can survive without breathing.


Message History

The unseen horror barely misses you. The unseen horror closely misses you.
The unseen horror hits you but does no damage.
The unseen horror hits you!
* * * LOW HITPOINT WARNING * * *
The unseen horror misses you. The unseen horror hits you.
* * * LOW HITPOINT WARNING * * *
The unseen horror hits you.
* * * LOW HITPOINT WARNING * * *
The unseen horror barely misses you. The unseen horror hits you!
* * * LOW HITPOINT WARNING * * *
Read which item? (? for menu, Esc to quit)
Blink to where?
Press: ? - help, Dir - move target cursor, p - unseen horror You are very lightly contaminated with residual magic.
As you read the scroll of blinking, it crumbles to dust.
A mysterious force pulls you upwards. The hatch slams shut behind you.
Level annotation: exclusion: door, OTRawrior's ghost, journeyman GrEE You are engulfed in roaring flames.
You die...

#.#.##.# #.#
#.#.##.###########.##########
#>...[.......................
#.#<##.#####§#####.##########
#.#....# ##§## #.#
#.#..#.####§§§# #.#
#......#§§§§§§# #.#########
#.#########§§§# #.........#
#......# #.@§####.........#
#.###### #.§§§§§#.######..##
#.# #..§####.# #...... #.#
#§§.# #.####.#..## #.###
§§§§# #......#..# #.#.#
##§§§# #..#####.W# #.#.#
#§§§# #..# #..# #.#.# #..§§
#..# #.[## #.#.# #..§## #..#
#....


There were no monsters in sight!

Vanquished Creatures
  Pikel (D:3)
  Maurice (D:8)
  Psyche (D:8)
  A komodo dragon (D:10)
  A two-headed ogre (D:11)
  3 trolls
  Grinder (D:3)
  A spriggan (D:7)
  The ghost of Heedrag the Conjurer, an amateur DECj of Vehumet (D:5)
  A hippogriff (D:10)
  2 steam dragons
  Edmund (D:4)
  4 orc warriors
  2 phantoms
  2 sky beasts
  2 black bears
  5 ogres
  3 centaurs
  Blork the orc (D:4)
  4 giant frogs
  2 scorpions
  5 wights (D:6)
  A howler monkey (D:6)
  4 crimson imps
  4 centaur zombies
  2 giant frog zombies
  2 jellies
  6 orc priests
  Crazy Yiuf (D:3)
  2 hounds (D:8)
  3 orc wizards
  5 giant frog skeletons
  Jessica (D:2)
  2 iguanas
  3 worker ants
  2 hound skeletons
  Robin (D:4)
  10 adders
  A shadow imp (D:5)
  An ooze (D:1)
  2 adder skeletons (D:4)
  A worm (D:3)
  3 dart slugs
  4 giant geckos
  38 orcs
  5 bats
  4 giant cockroaches
  A hobgoblin (D:4)
  10 jackals
  3 quokkas
  2 ball pythons
  A ball python zombie (D:5)
  3 giant newts
  9 goblins
  A jackal zombie (D:6)
  5 kobolds (D:1)
  A quokka zombie (D:9)
  4 rats
  A fungus (D:3)
194 creatures vanquished.

Vanquished Creatures (others)
  An orc warrior (D:10)
  2 orc wizards (D:10)
  A shadow imp (D:10)
  2 orcs (D:10)
  7 fungi (D:9)
13 creatures vanquished.

Grand Total: 207 creatures vanquished

Notes
Turn   | Place    | Note
--------------------------------------------------------------
     0 | D:1      | Alarkh the Mummy Hunter began the quest for the Orb.
     0 | D:1      | Reached XP level 1. HP: 16/16 MP: 1/1
   266 | D:1      | Reached XP level 2. HP: 22/22 MP: 2/2
  1007 | D:2      | Reached skill level 4 in Bows
  1007 | D:2      | Reached XP level 3. HP: 24/27 MP: 3/3
  1068 | D:2      | Noticed Jessica
  1072 | D:2      | Killed Jessica
  1232 | D:3      | Found an iron altar of Okawaru.
  1302 | D:3      | Became a worshipper of Warmaster Okawaru
  1337 | D:3      | Found a sacrificial altar of Ru.
  1337 | D:3      | Noticed Grinder
  1361 | D:2      | Reached skill level 1 in Armour
  1361 | D:2      | Reached XP level 4. HP: 33/33 MP: 4/4
  1494 | D:3      | Paralysed by Grinder for 2 turns
  1509 | D:3      | Paralysed by Grinder for 6 turns
  1515 | D:3      | Killed Grinder
  1515 | D:3      | Reached * piety under Okawaru
  1515 | D:3      | Reached ** piety under Okawaru
  1515 | D:3      | Reached skill level 5 in Bows
  1515 | D:3      | Reached XP level 5. HP: 23/38 MP: 5/5
  1515 | D:3      | Reached XP level 6. HP: 27/44 MP: 6/6
  1595 | D:3      | Found an ancient bone altar of Kikubaaqudgha.
  1827 | D:3      | Noticed Crazy Yiuf
  1840 | D:3      | Killed Crazy Yiuf
  1840 | D:3      | Reached skill level 6 in Bows
  2170 | D:4      | Noticed Edmund
  2185 | D:4      | Killed Edmund
  2185 | D:4      | Reached skill level 7 in Bows
  2185 | D:4      | Reached XP level 7. HP: 30/50 MP: 7/7
  2225 | D:4      | Noticed Blork the orc
  2245 | D:4      | Killed Blork the orc
  2346 | D:4      | Found a sparkling altar of Nemelex Xobeh.
  2347 | D:4      | Found a shattered altar of Ashenzari.
  2417 | D:4      | Found a shimmering altar of Xom.
  2495 | D:4      | Noticed Robin
  2516 | D:4      | Killed Robin
  2785 | D:4      | Noticed Pikel
  3091 | D:3      | Killed Pikel
  3091 | D:3      | Reached *** piety under Okawaru
  3091 | D:3      | Reached skill level 8 in Bows
  3091 | D:3      | Reached XP level 8. HP: 37/56 MP: 6/8
  3128 | D:5      | Entered Level 5 of the Dungeon
  3134 | D:5      | Reached skill level 9 in Bows
  3313 | D:5      | Noticed Heedrag's ghost (amateur DECj)
  3339 | D:5      | Killed Heedrag's ghost
  3534 | D:5      | Found a white marble altar of Elyvilon.
  3642 | D:5      | Found an iron altar of Okawaru.
  3702 | D:5      | Reached skill level 10 in Bows
  3871 | D:6      | Received a gift from Okawaru
  3894 | D:6      | Reached XP level 9. HP: 57/61 MP: 9/9
  4086 | D:6      | Found an opulent altar of Gozag.
  5406 | D:7      | Reached **** piety under Okawaru
  5406 | D:7      | Reached skill level 11 in Bows
  5434 | D:7      | Received a gift from Okawaru
  5864 | D:7      | Found a staircase to the Ecumenical Temple.
  6016 | D:7      | Found a burning altar of Makhleb.
  6023 | D:7      | Learned a level 5 spell: Aura of Abjuration
  6038 | Temple   | Entered the Ecumenical Temple
  6101 | D:7      | Noticed an Executioner
  6103 | D:7      | Found a glowing silver altar of Zin.
  6104 | D:7      | Noticed an angel
  6446 | D:8      | Noticed Psyche
  6462 | D:8      | Killed Psyche
  6506 | D:8      | Reached skill level 12 in Bows
  6588 | D:8      | Received a gift from Okawaru
  6670 | D:8      | Found Usoosat's Antique Weapon Boutique.
  6707 | D:8      | Reached XP level 10. HP: 53/67 MP: 8/10
  6804 | D:8      | Noticed Maurice
  6827 | D:8      | Killed Maurice
  7206 | D:9      | Found a glowing golden altar of the Shining One.
  7374 | D:9      | Found a staircase to the Lair.
  8637 | D:10     | Entered Level 10 of the Dungeon
  8724 | D:10     | Reached ***** piety under Okawaru
  8774 | D:10     | Received a gift from Okawaru
  8774 | D:10     | Reached skill level 13 in Bows
  8847 | D:10     | Noticed OTRawrior's ghost (journeyman GrEE)
  9150 | D:5      | Identified a scroll of acquirement
  9747 | D:11     | Found a staircase to the Orcish Mines.
  9760 | D:10     | Got a warped quarterstaff
  9761 | D:10     | Identified the cursed +2 quarterstaff of Mourning {drain, *Drain *Confuse Dex+10 SInv} (You found it on level 10 of the Dungeon)
  9844 | D:10     | Received a gift from Okawaru
 10761 | D:11     | Noticed an unseen horror
 10786 | D:11     | HP: 3/67 [unseen horror (7)]
 10795 | D:10     | Engulfed by a cloud of flame

Skill      XL: |  1  2  3  4  5  6  7  8  9 10 |
---------------+-------------------------------+-----
Bows           | 4 5 7 8 10 12 13 | 13.7
Armour         | 1 |  1.0
Fighting       | |  2.1
Dodging        | |  1.9
Stealth        | |  0.8

Action                   |  1- 3 |  4- 6 |  7- 9 | 10-12 || total
-------------------------+-------+-------+-------+-------++-------
Melee: Dagger            |       |    22 |    94 |    12 ||   128
 Fire: Shortbow          |    71 |   117 |   551 |   358 ||  1097
Throw: Throwing net      |       |       |     1 |       ||     1
Invok: Heroism           |       |       |     5 |     3 ||     8
  Use: Scroll            |     2 |       |     8 |     7 ||    17
Armor: Leather armour    |    10 |    19 |   107 |    38 ||   174
       Troll hide        |       |       |       |    16 ||    16
       Ring mail         |       |       |       |    10 ||    10
Dodge: Dodged            |    19 |    42 |   188 |   101 ||   350
